 Dungeon Crawl Stone Soup version 0.20-a0-1018-ge435b50 (webtiles) character file.

106040 Multipenetrator the Eclecticist (level 15, -13/84 HPs)
             Began as a Deep Elf Fire Elementalist on Apr 17, 2017.
             Was a High Priest of Sif Muna.
             Killed from afar by an ogre mage (30 damage)
             ... with a bolt of lightning
             ... on level 2 of the Orcish Mines.
             The game lasted 05:43:49 (21867 turns).

Multipenetrator the Eclecticist (DEFE)             Turns: 21867, Time: 05:43:50

Health: -13/84     AC: 17    Str:  8    XL:     15   Next: 96%
Magic:  13/50      EV: 13    Int: 48    God:    Sif Muna [*****.]
Gold:   620        SH:  7    Dex: 21    Spells: 7/52 levels left

rFire    + + +     SeeInvis +   a - +6 rapier of Wrath {venom, rPois Int+2 Dex+3}
rCold    + + .     Gourm    .   X - +2 buckler
rNeg     + + +     Faith    .   B - +4 ring mail {MR+}
rPois    +         Spirit   .   O - +3 hat of Pondering {ponderous, MR+ MP+10 Int+5}
rElec    .         Reflect  .   f - scarf {rC+}
rCorr    .         Harm     .   L - +0 pair of gloves
MR       +++..                  P - +0 pair of boots "Reajis" {rN++ Int+8}
Stlth    ++........             w - amulet "Agah" {RegenMP rN+ Str+2 Int+3 Dex+3}
Regen    0.3/turn               D - ring "Cuti" {*Corrode rPois rF++ Int+4 SInv}
MPRegen  0.5/turn               K - ring of Sukoahohoj {Wiz rPois rF++ rC+}

@: very slightly contaminated, divine energy, slow
A: no striking features
a: Stop Divine Energy, Channel Magic, Forget Spell, Renounce Religion


You were on level 2 of the Orcish Mines.
You worshipped Sif Muna.
Sif Muna was extremely pleased with you.
You were not hungry.

You visited 4 branches of the dungeon, and saw 24 of its levels.
You also visited: Sewer and Volcano.

You collected 2047 gold pieces.
You spent 1427 gold pieces at shops.

Inventory:

Hand Weapons
 a - the +6 rapier of Wrath (weapon) {venom, rPois Int+2 Dex+3}
   (You found it on level 6 of the Lair of Beasts)

   It poisons the flesh of those it strikes.
   It affects your intelligence (+2).
   It affects your dexterity (+3).
   It protects you from poison.
 J - the +10 mace of the Sky {crush, rElec rN+ Str-4}
   (You found it on level 14 of the Dungeon)

   It inflicts extra damage upon your enemies.
   It affects your strength (-4).
   It insulates you from electricity.
   It protects you from negative energy.
Missiles
 r - 4 throwing nets (quivered)
Armour
 f - a scarf of cold resistance (worn)
 B - a +4 ring mail of magic resistance (worn)
 L - a +0 pair of gloves (worn)
 O - the +3 hat of Pondering (worn) {ponderous, MR+ MP+10 Int+5}
   (You took it off Gastronok on level 8 of the Dungeon)

   It affects your intelligence (+5).
   It affects your resistance to hostile enchantments.
   It affects your magic capacity (+10).
 P - the +0 pair of boots "Reajis" (worn) {rN++ Int+8}
   (You found it on level 8 of the Dungeon)

   It affects your intelligence (+8).
   It greatly protects you from negative energy.
 X - a +2 buckler (worn)
Magical Staves
 b - an uncursed staff of wizardry
Jewellery
 i - a +6 ring of dexterity
 t - an uncursed ring of protection from magic
 w - the amulet "Agah" (around neck) {RegenMP rN+ Str+2 Int+3 Dex+3}
   (You found it on level 4 of the Dungeon)

   [amulet of magic regeneration]

   It increases your magic regeneration.
   It affects your strength (+2).
   It affects your intelligence (+3).
   It affects your dexterity (+3).
   It protects you from negative energy.
 D - the ring "Cuti" (left hand) {*Corrode rPois rF++ Int+4 SInv}
   (You found it on level 15 of the Dungeon)

   [ring of see invisible]

   It affects your intelligence (+4).
   It greatly protects you from fire.
   It protects you from poison.
   It lets you see invisible.
   It may corrode you when you take damage.
 K - the ring of Sukoahohoj (right hand) {Wiz rPois rF++ rC+}
   (You bought it in a shop on level 9 of the Dungeon)

   [ring of wizardry]

   It improves your spell success rate.
   It greatly protects you from fire.
   It protects you from cold.
   It protects you from poison.
Wands
 p - a wand of lightning (10/15)
 u - a wand of acid (5/15)
 v - a wand of lightning (1/15)
 N - a wand of polymorph (10/24)
 W - a wand of paralysis (11/24)
Scrolls
 d - 3 scrolls of identify
 e - 2 scrolls of enchant weapon
 g - 6 scrolls of recharging
 j - 5 scrolls of remove curse
 k - 5 scrolls of fog
 n - 2 scrolls of blinking
 s - a scroll of fear
 y - 6 scrolls of teleportation
 E - a scroll of vulnerability
 G - 2 scrolls of enchant armour
 I - 5 scrolls of magic mapping
 V - a scroll of amnesia
Potions
 l - 5 potions of curing
 m - 2 potions of agility
 o - 2 potions of flight
 x - 5 potions of might
 A - 2 potions of mutation
 C - 3 potions of resistance
 F - 2 potions of heal wounds
 H - 3 potions of magic
 M - 2 potions of invisibility
 Q - 2 potions of brilliance
 R - a potion of berserk rage
 U - 2 potions of haste
 Y - 3 potions of ambrosia
Books
 c - Sif Muna's Catalogue of Summoning
   (Sif Muna gifted it to you on level 6 of the Lair of Beasts)

   Spells                             Type                      Level
   a - Aura of Abjuration             Summoning                    5
   b - Shadow Creatures               Summoning                    6
   c - Spellforged Servitor           Conjuration/Summoning        7
   d - Summon Greater Demon           Summoning                    7
 S - Keroir's Almanac of the Escort
   (Sif Muna gifted it to you on level 12 of the Dungeon)

   Spells                             Type                      Level
   a - Call Canine Familiar           Summoning                    3
   b - Summon Ice Beast               Ice/Summoning                4
   c - Summon Lightning Spire         Summoning/Air                4
   d - Summon Demon                   Summoning                    5
   e - Spellforged Servitor           Conjuration/Summoning        7
   f - Haunt                          Necromancy/Summoning         7
   g - Dragon's Call                  Summoning                    9
 Z - Sif Muna's Papyrus of Quantum Summoning
   (Sif Muna gifted it to you on level 15 of the Dungeon)

   Spells                             Type                      Level
   a - Summon Butterflies             Summoning                    1
   b - Force Lance                    Conjuration/Translocation    4
   c - Summon Mana Viper              Hexes/Summoning              5
   d - Spellforged Servitor           Conjuration/Summoning        7
   e - Malign Gateway                 Summoning/Translocation      7
   f - Summon Horrible Things         Summoning                    8
   g - Controlled Blink               Translocation                8
   h - Disjunction                    Translocation                8
Comestibles
 h - 17 bread rations
 q - 10 meat rations
 z - 18 royal jellies


   Skills:
 + Level 6.2 Fighting
 - Level 10.6 Armour
 - Level 4.8 Dodging
 - Level 3.4 Stealth
 * Level 2.6 Shields
 - Level 19.1 Spellcasting
 - Level 12.6 Conjurations
 - Level 0.6 Hexes
 - Level 3.0 Charms
 + Level 7.5 Summonings
 - Level 1.9 Necromancy
 - Level 1.8 Translocations
 - Level 13.2 Fire Magic
 - Level 0.9 Earth Magic
 - Level 5.9 Invocations
 - Level 1.2 Evocations


You had 7 spell levels left.
You knew the following spells:

 Your Spells              Type           Power        Failure   Level  Hunger
a - Stone Arrow           Conj/Erth      ######       1%          3    None
b - Conjure Flame         Conj/Fire      ########     0%          3    None
c - Sticky Flame          Conj/Fire      ########     1%          4    None
d - Summon Greater Demon  Summ           #######...   22%         7    None
e - Summon Forest         Summ/Tloc      ######....   2%          5    None
f - Fireball              Conj/Fire      ########..   1%          5    None
g - Summon Hydra          Summ           #######...   22%         7    None
h - Aura of Abjuration    Summ           #######...   1%          5    None
i - Inner Flame           Hex/Fire       #######.     1%          3    None
r - Regeneration          Chrm/Necr      ######....   1%          3    None


Dungeon Overview and Level Annotations

Branches:
Dungeon (15/15)            Temple (1/1) D:5            Lair (6/6) D:9
 Shoals (0/4) Lair:3       Spider (0/4) Lair:2        Slime (0/5) Lair:5
    Orc (2/2) D:9          Vaults (0/5) D:13         Depths (0/5) D:15
    Elf: Orc:2

Altars:
Ashenzari
Cheibriados
Dithmenos
Elyvilon
Fedhas
Gozag
Hepliaklqana
Kikubaaqudgha
Makhleb
Nemelex Xobeh
Okawaru
Qazlal
Ru
Sif Muna
Trog
Uskayaw
Vehumet
Wu Jian
Xom
Yredelemnul
Zin
The Shining One
Beogh
Jiyva

Shops:
D:7 }   D:9 =[?[   D:12 ?   D:15 *%?   Orc:2 :!}%

Annotations:
Orc:2 Saint Roka


Message History

The orc wizard points at you and mumbles some strange words.
The magic dart hits you!
You hit the orc wizard.
The orc wizard is moderately wounded.
The orc priest invokes the aid of Beogh against you.
Beogh smites you! You block the orc's attack.
The orc wizard hits you but does no damage.
The ogre shouts!
You closely miss the ogre mage. The orc barely misses you.
The orc wizard mumbles some strange words.
The orc wizard blinks!
You hit the ogre mage but do no damage.
The ogre mage is poisoned.
You block the ogre mage's attack. The orc hits you but does no damage.
The ogre mage hits you. The orc hits you but does no damage.
You barely miss the ogre mage.
The ogre mage points at you and mumbles some strange words.
The bolt of lightning hits you!
* * * LOW HITPOINT WARNING * * *
The bolt of lightning hits you!
You die...

............# ..
.........#.# O.
..........# #..
....#...## ##.##
..........###....#
.#.........#....#
........O...).#
..#......o##.##
...#.....)O@..#
#.##......oo.## ##
##....#.###
###.#### ##


You could see a two-headed ogre (wandering), an ogre mage, an orc warrior, an
ogre, an orc priest and an orc.

Vanquished Creatures
  Rupert (D:12)
  Gastronok (D:8)
  Kirke (D:14)
  A tengu reaver (D:15)
  2 dire elephants (Lair:6)
  3 ettins
  The ghost of Lifeless the Archer, a journeyman HuHu of Okawaru (D:11)
  A fire dragon (D:15)
  Fannar (D:12)
  4 great orbs of eyes (D:15)
  9 hydras
  3 vault guards (D:15)
  Harold (Lair:3)
  An anaconda (Lair:6)
  9 centaur warriors
  5 death yaks (Lair:3)
  2 deep troll shamans (D:15)
  8 two-headed ogres
  3 ogre magi (D:15)
  A tengu warrior (D:14)
  Sonja (D:12)
  Nergalle (Lair:4)
  A deep troll (D:13)
  An unseen horror (D:15)
  A lindwurm (shapeshifter) (D:13)
  2 necromancers
  Pikel (D:8)
  2 orc knights (D:15)
  4 oklob plants
  2 deep elf magi
  A manticore (D:15)
  7 cyclopes
  2 salamanders (Volcano)
  2 ugly things
  An elephant (shapeshifter) (D:15)
  Maurice (D:8)
  8 elephants (Lair:6)
  2 black mambas
  A guardian serpent (D:10)
  5 gargoyles
  A molten gargoyle (Volcano)
  6 spiny frogs
  3 rime drakes
  A kobold demonologist (D:15)
  2 freezing wraiths (D:15)
  The ghost of kusayu the Summoner, a novice FeSu of Sif Muna (D:13)
  2 yaktaurs
  A demonic crawler (Lair:2)
  6 komodo dragons
  A tengu conjurer (D:14)
  A queen bee (shapeshifter) (D:13)
  A meliai (D:15)
  A meliai (shapeshifter) (D:15)
  6 hornets
  5 trolls
  13 hippogriffs
  11 dream sheep
  Prince Ribbit (D:6)
  16 blink frogs
  A centaur simulacrum (D:14)
  4 wyverns
  2 vampires
  2 wraiths
  34 yaks
  A shadow (D:13)
  8 fire bats (Volcano)
  A redback (D:15)
  4 basilisks
  A human (D:8)
  Eustachio (D:5)
  2 hungry ghosts
  9 hogs
  A vampire mosquito (D:15)
  A soldier ant (D:14)
  Edmund (D:6)
  3 acid dragons
  10 water moccasins
  4 porcupines
  A porcupine (shapeshifter) (D:15)
  5 ice beasts
  A black bear (D:11)
  2 sky beasts (D:12)
  16 orc warriors
  4 slaves (D:8)
  A boggart (Lair:4)
  A wolf (D:9)
  7 ogres
  12 centaurs
  5 crocodiles
  2 big kobolds
  Blork the orc (D:4)
  21 bullfrogs
  A water moccasin zombie (D:7)
  3 wyvern skeletons
  6 scorpions
  2 howler monkeys
  10 wights
  7 lava snakes (Volcano)
  An electric eel (D:9)
  5 crimson imps
  A quasit (D:7)
  A bullfrog zombie (D:7)
  4 centaur zombies
  9 centaur skeletons
  11 hounds
  7 orc priests
  4 bullfrog skeletons
  5 jellies
  An iron imp (D:5)
  An iguana (D:12)
  9 orc wizards
  16 worker ants
  2 hound zombies
  2 hound skeletons
  A worker ant zombie (D:11)
  18 adders
  3 gnolls (D:5)
  2 shadow imps (D:13)
  8 oozes
  3 adder zombies
  An adder skeleton (D:5)
  6 worms
  2 dart slugs
  14 leopard geckos
  58 orcs
  17 giant cockroaches
  5 goblins
  10 hobgoblins
  10 jackals
  13 kobolds
  6 quokkas
  13 ball pythons
  8 bats
  14 frilled lizards
  3 goblin zombies (D:5)
  2 hobgoblin zombies (D:5)
  A jackal zombie (D:5)
  A kobold skeleton (D:5)
  A leopard gecko zombie (D:5)
  2 orc skeletons (D:5)
  3 orc zombies (D:5)
  A quokka zombie (D:9)
  8 rats
  A butterfly (Lair:4)
  9 fungi
  8 plants
712 creatures vanquished.

Vanquished Creatures (collateral kills)
  A dire elephant (Lair:6)
  A fire dragon (D:15)
  A vault guard (D:15)
  2 two-headed ogres (Orc:2)
  A hell knight (Volcano)
  A salamander mystic (Volcano)
  A wizard (D:15)
  An unseen horror (D:14)
  An oklob plant (Lair:6)
  An orc sorcerer (Orc:2)
  2 salamanders (Volcano)
  A molten gargoyle (Volcano)
  A centaur skeleton (D:15)
  A blink frog (Lair:5)
  A warg (Orc:2)
  5 orc warriors (Orc:2)
  2 ogres (Orc:2)
  5 orcs (Orc:2)
  2 fungi (Lair:6)
  4 plants (Lair:6)
35 creatures vanquished.

Vanquished Creatures (others)
  5 fungi (Lair:6)
  7 plants
  3 snaplasher vines
15 creatures vanquished.

Grand Total: 762 creatures vanquished

Notes
Turn   | Place    | Note
-------+----------+-------------------------------------------
     0 | D:1      | Multipenetrator the Deep Elf Fire Elementalist began the quest for the Orb.
     0 | D:1      | Reached XP level 1. HP: 10/10 MP: 6/6
   217 | D:1      | Reached XP level 2. HP: 14/15 MP: 6/8
   641 | D:1      | Reached XP level 3. HP: 14/19 MP: 1/10
   766 | D:3      | Found a glowing drain.
   775 | Sewer    | Entered a sewer
   808 | Sewer    | Reached skill level 4 in Spellcasting
   823 | Sewer    | Reached XP level 4. HP: 24/24 MP: 8/12
   905 | Sewer    | Learned a level 3 spell: Conjure Flame
   910 | Sewer    | Learned a level 4 spell: Sticky Flame
   994 | Sewer    | Reached skill level 5 in Spellcasting
  1013 | Sewer    | Reached XP level 5. HP: 28/28 MP: 11/14
  1089 | Sewer    | Reached skill level 5 in Fire Magic
  1106 | Sewer    | Reached XP level 6. HP: 14/32 MP: 1/16
  1385 | D:4      | Reached skill level 6 in Spellcasting
  1603 | D:4      | Noticed Blork the orc
  1635 | D:4      | Killed Blork the orc
  1897 | D:4      | Got a translucent bronze amulet
  1898 | D:4      | Identified the amulet "Agah" {RegenMP rN+ Str+2 Int+3 Dex+3} (You found it on level 4 of the Dungeon)
  1958 | D:5      | Entered Level 5 of the Dungeon
  1974 | D:5      | Reached XP level 7. HP: 19/36 MP: 10/18
  2113 | D:5      | Reached skill level 7 in Spellcasting
  2136 | D:5      | Noticed Eustachio
  2179 | D:5      | Found a staircase to the Ecumenical Temple.
  2182 | D:5      | Noticed a hippogriff
  2219 | D:5      | Killed a hippogriff
  2301 | Temple   | Entered the Ecumenical Temple
  2352 | Temple   | Became a worshipper of Sif Muna the Loreminder
  2631 | D:5      | Noticed a hungry ghost
  2638 | D:5      | Learned a level 5 spell: Fireball
  2642 | D:5      | Killed a hungry ghost
  2642 | D:5      | Reached skill level 8 in Spellcasting
  2642 | D:5      | Reached XP level 8. HP: 40/41 MP: 9/22
  2800 | D:5      | Found a glowing golden altar of the Shining One.
  2939 | D:5      | Killed Eustachio
  2958 | D:5      | Reached * piety under Sif Muna
  2968 | D:5      | Reached skill level 5 in Conjurations
  3085 | D:5      | Reached skill level 9 in Spellcasting
  4645 | D:6      | Reached ** piety under Sif Muna
  4657 | D:6      | Noticed Edmund
  4662 | D:6      | Killed Edmund
  4847 | D:6      | Reached skill level 1 in Armour
  4871 | D:6      | Reached skill level 10 in Spellcasting
  4910 | D:6      | Reached XP level 9. HP: 22/45 MP: 22/25
  4960 | D:6      | Noticed Prince Ribbit
  4967 | D:6      | Killed Prince Ribbit
  5271 | D:6      | Gained mutation: Your magical capacity is low. (-10% MP) [potion of mutation]
  5271 | D:6      | Gained mutation: You are partially covered in icy blue scales. (AC +2) [potion of mutation]
  5272 | D:6      | Lost mutation: Your magical capacity is low. (-10% MP) [potion of mutation]
  5272 | D:6      | Lost mutation: You are partially covered in icy blue scales. (AC +2) [potion of mutation]
  5272 | D:6      | Gained mutation: You are weak. (Str -2) [potion of mutation]
  5272 | D:6      | Lost mutation: You are weak. (Str -2) [potion of mutation]
  5990 | D:7      | Found Ziuleb's Gadget Boutique.
  6058 | D:7      | Reached skill level 11 in Spellcasting
  6703 | D:8      | Reached *** piety under Sif Muna
  6981 | D:8      | Found a roughly hewn altar of Beogh.
  7123 | D:8      | Got a pair of crude boots
  7136 | D:8      | Identified the +0 pair of boots "Reajis" {rN++ Int+8} (You found it on level 8 of the Dungeon)
  7163 | D:8      | Noticed Pikel
  7173 | D:8      | Killed Pikel
  7173 | D:8      | Reached skill level 12 in Spellcasting
  7173 | D:8      | Reached XP level 10. HP: 36/50 MP: 5/28
  7293 | D:8      | Noticed Gastronok
  7462 | D:8      | Killed Gastronok
  7462 | D:8      | Reached **** piety under Sif Muna
  7462 | D:8      | Reached skill level 10 in Fire Magic
  7707 | D:8      | Noticed Maurice
  7712 | D:8      | Killed Maurice
  7953 | D:8      | Reached skill level 13 in Spellcasting
  8138 | D:9      | Found a staircase to the Orcish Mines.
  8196 | D:9      | Reached skill level 5 in Armour
  8358 | D:9      | Noticed a two-headed ogre
  8359 | D:9      | Noticed a two-headed ogre
  8366 | D:9      | Killed a two-headed ogre
  8366 | D:9      | Reached XP level 11. HP: 55/55 MP: 24/30
  8374 | D:9      | Killed a two-headed ogre
  8481 | D:8      | Reached skill level 1 in Shields
  8487 | D:9      | Found Ybas's Magic Scroll Boutique.
  8495 | D:9      | Bought 3 scrolls of identify for 78 gold pieces
  8495 | D:9      | Bought a scroll of identify for 26 gold pieces
  8495 | D:9      | Bought a scroll of fog for 26 gold pieces
  8495 | D:9      | Bought a scroll of blinking for 97 gold pieces
  8495 | D:9      | Bought a scroll of identify for 26 gold pieces
  8495 | D:9      | Bought a scroll of identify for 26 gold pieces
  8558 | D:9      | Found Ulez's Armour Shop.
  8614 | D:9      | Found a staircase to the Lair.
  8672 | D:9      | Learned a level 3 spell: Inner Flame
  8703 | D:9      | Found Quqapp's Armour Shop.
  8905 | Lair:1   | Entered Level 1 of the Lair of Beasts
  8974 | Lair:1   | Reached ***** piety under Sif Muna
  8974 | Lair:1   | Received a gift from Sif Muna
  8988 | Lair:1   | Learned a level 3 spell: Regeneration
  9403 | Lair:1   | Noticed a six-headed hydra
  9410 | Lair:1   | Killed a six-headed hydra
  9410 | Lair:1   | Reached skill level 14 in Spellcasting
  9410 | Lair:1   | Reached skill level 1 in Invocations
  9805 | Lair:2   | Noticed a five-headed hydra
  9809 | Lair:2   | Killed a five-headed hydra
  9809 | Lair:2   | Reached skill level 1 in Charms
  9809 | Lair:2   | Reached skill level 1 in Necromancy
  9816 | Lair:2   | Reached skill level 1 in Fighting
  9874 | Lair:2   | Reached skill level 1 in Evocations
 10000 | Lair:2   | Noticed a four-headed hydra
 10004 | Lair:2   | Killed a four-headed hydra
 10218 | Lair:2   | Reached XP level 12. HP: 30/60 MP: 8/32
 10287 | Lair:2   | Found a hole to the Spider Nest.
 10402 | Lair:3   | Noticed Harold
 10412 | Lair:3   | Found a staircase to the Shoals.
 10423 | Lair:3   | Noticed a death yak
 10432 | Lair:3   | Noticed a death yak
 10432 | Lair:3   | Noticed a death yak
 10433 | Lair:3   | Noticed a death yak
 10434 | Lair:3   | Noticed a death yak
 10434 | Lair:3   | Killed a death yak
 10445 | Lair:3   | Killed a death yak
 10471 | Lair:3   | Killed a death yak
 10472 | Lair:3   | Killed a death yak
 10487 | Lair:3   | Killed a death yak
 10608 | Lair:3   | Reached skill level 5 in Invocations
 10637 | Lair:3   | Reached skill level 15 in Spellcasting
 10716 | Lair:4   | Reached skill level 10 in Conjurations
 10870 | Lair:4   | Noticed Nergalle
 10873 | Lair:4   | Killed Nergalle
 11302 | Lair:4   | Received a gift from Sif Muna
 11311 | Lair:4   | Learned a level 5 spell: Summon Forest
 11319 | Lair:4   | Learned a level 7 spell: Summon Hydra
 11324 | Lair:4   | Learned a level 3 spell: Stone Arrow
 11618 | Lair:5   | Found a staircase to the Slime Pits.
 11619 | Lair:5   | Found a viscous altar of Jiyva.
 11688 | Lair:5   | Reached skill level 1 in Summonings
 11929 | Lair:5   | Reached XP level 13. HP: 66/66 MP: 14/34
 12428 | Lair:6   | Entered Level 6 of the Lair of Beasts
 12492 | Lair:6   | Found a dark tunnel.
 12504 | Volcano  | Entered a volcano
 12710 | Volcano  | Reached skill level 16 in Spellcasting
 12762 | Volcano  | Found a bloodstained altar of Trog.
 12767 | Volcano  | Reached skill level 1 in Translocations
 13069 | Lair:6   | Identified Sif Muna's Catalogue of Summoning (Sif Muna gifted it to you on level 6 of the Lair of Beasts)
 13069 | Lair:6   | Received a gift from Sif Muna
 13122 | Lair:6   | Got an encrusted rapier
 13128 | Lair:6   | Got a heavily runed jade amulet
 13144 | Lair:6   | Identified the amulet of Tapo Joa {Gourm rF+ Str+4} (You found it on level 6 of the Lair of Beasts)
 13151 | Lair:6   | Identified the +6 rapier of Wrath {venom, rPois Int+2 Dex+3} (You found it on level 6 of the Lair of Beasts)
 13343 | Lair:6   | Got a jewelled ring mail
 13354 | Lair:6   | Identified the cursed +0 ring mail "Tyliaweyf" {rN+} (You found it on level 6 of the Lair of Beasts)
 14167 | Lair:6   | Reached skill level 5 in Summonings
 14406 | Lair:6   | Noticed a dire elephant
 14406 | Lair:6   | Noticed a dire elephant
 14424 | Lair:6   | Killed a dire elephant
 14424 | Lair:6   | Killed a dire elephant
 14430 | Lair:6   | Noticed a dire elephant
 14498 | Lair:6   | Killed a dire elephant
 14498 | Lair:6   | Reached skill level 17 in Spellcasting
 14855 | Lair:3   | Killed Harold
 15062 | Lair:3   | Reached XP level 14. HP: 67/72 MP: 37/37
 15570 | Lair:3   | Learned a level 5 spell: Aura of Abjuration
 15592 | Lair:3   | Learned a level 7 spell: Summon Greater Demon
 15798 | D:9      | Found Rozoj's Jewellery Shop.
 15855 | Orc:1    | Entered Level 1 of the Orcish Mines
 15990 | D:9      | Bought the ring of Sukoahohoj {Wiz rPois rF++ rC+} for 1116 gold pieces
 16168 | Orc:2    | Entered Level 2 of the Orcish Mines
 16168 | Orc:2    | Noticed Saint Roka
 16185 | D:10     | Entered Level 10 of the Dungeon
 16280 | D:10     | You fall through a shaft for 2 floors!
 16500 | D:12     | Identified Keroir's Almanac of the Escort (Sif Muna gifted it to you on level 12 of the Dungeon)
 16500 | D:12     | Received a gift from Sif Muna
 16533 | D:12     | Got an ebony long sword
 16545 | D:12     | Identified the +9 long sword of Tuosaoh {vamp, SInv} (You found it on level 12 of the Dungeon)
 16589 | D:12     | Noticed Rupert
 16599 | D:12     | Killed Rupert
 16644 | D:12     | Found Astreuraq's Magic Scroll Shoppe.
 16997 | D:12     | Noticed Sonja
 17004 | D:12     | Killed Sonja
 17021 | D:12     | Noticed Fannar
 17031 | D:12     | Killed Fannar
 17210 | D:11     | Got a creamy pearl robe
 17221 | D:11     | Identified the +2 robe of Anarchy {rElec MR+ rCorr Dex-4} (You found it on level 11 of the Dungeon)
 17417 | D:11     | You fall through a shaft!
 17688 | D:13     | Noticed kusayu's ghost (novice FeSu)
 17689 | D:13     | Killed kusayu's ghost
 17801 | D:14     | Noticed an Executioner
 18208 | D:14     | Noticed Kirke
 18226 | D:14     | Killed Kirke
 18226 | D:14     | Reached skill level 18 in Spellcasting
 18437 | D:14     | Got a fine mace
 18438 | D:14     | Identified the +10 mace of the Sky {crush, rElec rN+ Str-4} (You found it on level 14 of the Dungeon)
 18693 | D:15     | Entered Level 15 of the Dungeon
 18919 | D:15     | Reached XP level 15. HP: 66/80 MP: 19/39
 19104 | D:15     | Got a bloodstained rapier
 19110 | D:15     | Identified the +11 rapier of the Eternal Warrior {freeze, rN+} (You found it on level 15 of the Dungeon)
 19120 | D:15     | Got a brightly glowing flail
 19121 | D:15     | Identified the +7 flail "Multipenetrator's Death" {pain, SInv} (You found it on level 15 of the Dungeon)
 19148 | D:15     | Got a heavily runed lead ring
 19150 | D:15     | Identified the ring "Cuti" {*Corrode rPois rF++ Int+4 SInv} (You found it on level 15 of the Dungeon)
 19344 | D:15     | Found a staircase to the Depths.
 19435 | D:15     | Found Zufruon's Magic Scroll Emporium.
 19444 | D:15     | Bought a scroll of identify for 32 gold pieces
 19472 | D:15     | Reached skill level 5 in Fighting
 19493 | D:15     | Identified Sif Muna's Papyrus of Quantum Summoning (Sif Muna gifted it to you on level 15 of the Dungeon)
 19493 | D:15     | Received a gift from Sif Muna
 19674 | D:15     | Got a fine gossamer ring
 19687 | D:15     | Identified the ring "Zisaol" {+Fly AC+2 Str-4 SInv} (You took it off a meliai on level 15 of the Dungeon)
 19965 | D:15     | Found Qebizece's Food Emporium.
 20069 | D:15     | Reached skill level 10 in Armour
 20157 | D:15     | Noticed a tengu reaver
 20171 | D:15     | Killed a tengu reaver
 20291 | D:15     | Reached skill level 19 in Spellcasting
 20346 | D:15     | Found Fasu's General Store.
 20661 | D:13     | Found a gate to the Vaults.
 21081 | D:11     | Noticed Lifeless's ghost (journeyman HuHu)
 21101 | D:11     | Killed Lifeless's ghost
 21305 | D:11     | Found a sacrificial altar of Ru.
 21809 | Orc:2    | Found Iclovver's Distillery.
 21809 | Orc:2    | Found Kimeut's Food Shop.
 21809 | Orc:2    | Found Nivo's Book Boutique.
 21809 | Orc:2    | Found Ephuxu's Gadget Emporium.
 21867 | Orc:2    | Killed from afar by an ogre mage

Vault maps used:
D:1:      dpeg_chamrin_arrival_tetris, st_stairs_8
D:2:      kennysheep_generic_room_13
D:3:      cheibrodos_sewer_entry_sluice
D:4:      minmay_door_path, uniq_blork_the_orc
D:5:      minmay_temple_entry_statues_fountains, first_bread,
          nicolae_tso_besieged_by_evil, uniq_eustachio
D:6:      kennysheep_six_static_rooms, uniq_prince_ribbit1, uniq_edmund
D:7:      serial_shops, kennysheep_mini
D:8:      cheibrodos_iron_armory, special_room, grunt_livestock, uniq_pikel,
          uniq_maurice, uniq_gastronok
D:9:      erik_lair_island, orc_0_dummy, serial_shops, shop,
          nicolae_shop_crystal, nicolae_shop_statue_plus,
          nicolae_shop_behind_doors
D:10:     serial_park_tiny_pond, nrook_guardian_serpent_double
D:11:     basic_altar
D:12:     serial_shops, shop, uniq_rupert, uniq_sonja, uniq_fannar
D:13:     david_vaults_4
D:14:     kennysheep_pointless_box, uniq_kirke
D:15:     hangedman_spin_cycle
Temple:   nicolae_temple_the_god_donut
Lair:1:   grunt_megastairs_3
Lair:2:   nicolae_spider_entry_non_spiders, infiniplex_staircase_pool_2
Lair:3:   minmay_shoals_entry_centaurs, uniq_harold
Lair:4:   grunt_megastairs_4, lemuel_fruit_tree, lemuel_fruit_fields,
          uniq_nergalle
Lair:5:   slime_altar_1, minivault_26, minmay_lair_oklob_items
Lair:6:   due_jungle_book, enter_volcano_1, nicolae_lair_grove_arrangements,
          patterned_corridor, minmay_lair_oklob_chamber
Orc:2:    st_orc_ogre_mass, minmay_orc_temple_b, uniq_saint_roka, uniq_azrael
Sewer:    sewer_frog_island_02
Volcano:  volcano_grotto

Skill      XL: |  1  2  3  4  5  6  7  8  9 10 11 12 13 14 15 |
---------------+----------------------------------------------+-----
Conjurations   | 2 3 4 5 6 8 9 10 12 | 12.6
Fire Magic     | 4 5 6 7 8 9 10 11 12 13 | 13.2
Spellcasting   | 4 5 6 8 10 12 13 14 15 17 18 19 | 19.1
Armour         | 1 3 5 6 8 10 | 10.6
Dodging        | 3 4 |  4.8
Shields        | 1 2 |  2.6
Invocations    | 4 5 |  5.9
Charms         | 1 2 3 |  3.0
Necromancy     | 1 |  1.9
Fighting       | 1 2 4 6 |  6.2
Evocations     | 1 |  1.2
Stealth        | 3 |  3.4
Summonings     | 1 5 7 |  7.5
Translocations | 1 |  1.8
Hexes          | |  0.6
Earth Magic    | |  0.9

Action                   |  1- 3 |  4- 6 |  7- 9 | 10-12 | 13-15 || total
-------------------------+-------+-------+-------+-------+-------++-------
Melee: Unarmed           |     9 |     7 |       |       |       ||    16
       Rapier            |       |     1 |    59 |       |   158 ||   218
       Long sword        |       |     1 |       |    62 |       ||    63
       Staff             |       |       |       |       |    23 ||    23
Throw: Tomahawk          |       |       |       |     1 |       ||     1
 Cast: Flame Tongue      |    58 |    80 |   161 |    79 |       ||   378
       Conjure Flame     |       |     1 |    14 |    17 |    29 ||    61
       Sticky Flame      |       |     8 |    54 |    75 |   109 ||   246
       Fireball          |       |       |    32 |    80 |   136 ||   248
       Regeneration      |       |       |       |     9 |    31 ||    40
       Stone Arrow       |       |       |       |    31 |   386 ||   417
       Summon Forest     |       |       |       |     1 |    10 ||    11
       Aura of Abjuratio |       |       |       |       |     4 ||     4
       Inner Flame       |       |       |       |       |     5 ||     5
       Summon Greater De |       |       |       |       |     2 ||     2
       Summon Hydra      |       |       |       |       |     5 ||     5
Invok: Divine Energy     |       |       |     1 |       |       ||     1
       Forget Spell      |       |       |       |     1 |       ||     1
Evoke: Wand              |       |       |     1 |    17 |     6 ||    24
  Use: Scroll            |       |       |    11 |    13 |    21 ||    45
       Potion            |       |       |     2 |     6 |     5 ||    13
 Stab: Sleeping          |     1 |     1 |     1 |       |       ||     3
       Invisible         |       |       |       |     2 |       ||     2
  Eat: Chunk             |       |     4 |    15 |    16 |    34 ||    69
       Royal jelly       |       |       |     1 |       |       ||     1
       Meat ration       |       |       |     1 |       |     2 ||     3
       Fruit             |       |       |       |       |     2 ||     2
Armor: Robe              |     8 |     1 |    11 |       |     4 ||    24
       Ring mail         |       |       |    19 |    65 |   156 ||   240
Dodge: Dodged            |    37 |    19 |    96 |    69 |   203 ||   424
Block: Buckler           |       |       |    14 |    31 |    90 ||   135
       Rpst.: Long sword |       |       |       |    20 |       ||    20
